 Dungeon Crawl Stone Soup version 0.25-a0-667-gb977e01cb5 (webtiles) character file.

Game seed: 11714299386613127711, levelgen mode: deterministic

1835 Esekla the Skirmisher (level 8, 50/76 HPs)
             Began as a Deep Dwarf Abyssal Knight on Mar 28, 2020.
             Was a Believer of Lugonu.
             Got out of the dungeon alive.
             The game lasted 00:37:36 (4469 turns).

Esekla the Skirmisher (Deep Dwarf Abyssal Knight)   Turns: 4469, Time: 00:37:36

Health: 50/76      AC:  8    Str: 19    XL:     8   Next: 87%
Magic:  6/6        EV: 13    Int: 14    God:    Lugonu [**....]
Gold:   179        SH:  3    Dex: 12    Spells: 7/7 levels left

rFire    . . .     SeeInvis +   j - +3 rapier (venom)
rCold    + . .     Gourm    .   z - +0 buckler
rNeg     . . .     Faith    .   w - +1 leather armour {MR+}
rPois    .         Spirit   .   (no helmet)
rElec    .         Reflect  .   y - +0 cloak
rCorr    .         Harm     .   (no gloves)
MR       ++...                  (no boots)
Stlth    ++++......             (no amulet)
HPRegen  0.00/turn              k - ring of see invisible
MPRegen  0.10/turn              g - ring of stealth

@: non-regenerating
A: damage resistance, heal wounds, icy blue scales 1, clever 1, cold resistance
1, sense surroundings 1, shaggy fur 1, no regeneration
a: Heal Wounds, Depart the Abyss, Bend Space, Renounce Religion


You escaped.
You worshipped Lugonu.
Lugonu was pleased with you.
You were not hungry.

You visited 1 branch of the dungeon, and saw 5 of its levels.
You visited the Abyss 2 times.
You also visited: Sewer.

You collected 179 gold pieces.

Inventory:

Hand Weapons
 a - a +1 spear
 i - a +0 short sword of protection
 j - a +3 rapier of venom (weapon)
Missiles
 o - 3 boomerangs (quivered)
Armour
 w - a +1 leather armour of magic resistance (worn)
 y - a +0 cloak (worn)
 z - a +0 buckler (worn)
Jewellery
 f - a +3 ring of intelligence
 g - a ring of stealth (right hand)
 k - a ring of see invisible (left hand)
 n - an uncursed ring of positive energy
Scrolls
 d - 3 scrolls of teleportation
 p - 3 scrolls of remove curse
 u - a scroll of immolation
Potions
 e - 3 potions of curing
 h - a potion of heal wounds
 l - 2 potions of haste
 m - 2 potions of resistance
 q - 3 potions of stabbing
 r - a potion of lignification
 t - a potion of cancellation
 v - a potion of brilliance
Comestibles
 c - 8 rations


   Skills:
 * Level 6.1 Fighting
 + Level 4.4 Short Blades
 + Level 3.0 Polearms
 + Level 1.3 Throwing
 + Level 4.1 Armour
 + Level 5.2 Dodging
 * Level 6.1 Stealth
 + Level 2.6 Invocations


You had 7 spell levels left.
You didn't know any spells.
Your spell library contained the following spells:

 Spells                   Type           Power        Failure   Level  Hunger
 Animate Skeleton         Necr           N/A          50%         1    ##.....
 Apportation              Tloc           #.....       50%         1    ##.....
 Corona                   Hex            #......      50%         1    ##.....
 Summon Small Mammal      Summ           #...         50%         1    ##.....


Dungeon Overview and Level Annotations

Branches:
Dungeon (5/15)              Sewer (visited)
 Temple: D:4-7

Altars:
Fedhas


Innate Abilities, Weirdness & Mutations

You are resistant to damage.
You can heal yourself by infusing magical energy.
You passively map a small area around you.
You do not regenerate.
You are partially covered in icy blue scales. (AC +2)
Your mind is acute. (Int +2)
Your flesh is cold resistant. (rC+)
You are covered in fur. (AC +1)


Message History

You climb upwards.
There is a stone staircase leading down here.
There is a stone staircase leading up here.
You climb upwards.
There is a stone staircase leading down here.
There is a stone staircase leading up here.
You climb upwards.
There is a stone staircase leading down here.
You see here 22 arrows.
There is a stone staircase leading up here.
You climb upwards.
There is a stone staircase leading down here.
All of the chunks of flesh in your inventory have rotted away.
There is an open door here.
As you open the door, it creaks loudly!
There is an open door here.
There is an open door here.
There is a staircase leading out of the dungeon here.
Are you sure you want to leave the Dungeon?
This will make you lose the game!
You have escaped!

#.#...#...).# #.# #####...
#.###.#########'#########......#
##.#...#.................#.###.#.
.....#.#.#.###########.#.#..##.#.
.....#.#.##.#.......#.##.#.....##
....)..#.#.#.###'###.#.#.#.......
.....#.#.#.#.#.....#.#.#.#.......
.....###.#.#.#.....#.#.#.###..##.
.....'.'.#.#.'..@..+.#.#.'.'.....
.....###.#.#.#.....#.#.#.###...#.
####.# #.#.#.#.....#.#[#.# #.#.#.
...#.# #.#.#.###'###.#.#.# #.#...
...#.###.##.#.......#.##.# #.#...
...#...#.#.###########.#.# #.#...
...###.#.................# #...##
...#...#########'######### #####
...#.#.........#.#


There were no monsters in sight!

Vanquished Creatures
  Pikel (D:5)
  Prince Ribbit (D:5)
  Eustachio (D:5)
  Menkaure (D:5)
  Duvessa (D:5)
  An ice beast (D:4)
  An ogre (D:5)
  A big kobold (Sewer)
  Dowan (D:5)
  A howler monkey (D:5)
  2 crimson imps (D:5)
  An orc priest (D:3)
  Crazy Yiuf (D:4)
  A bullfrog skeleton (D:4)
  An iguana (D:3)
  Natasha (twice) (D:3)
  2 orc wizards
  5 worker ants
  A hound skeleton (D:5)
  6 adders
  2 river rats (Sewer)
  An ooze (D:5)
  5 worms
  3 dart slugs
  8 orcs
  6 giant cockroaches
  9 goblins
  5 hobgoblins
  8 jackals
  12 kobolds
  A quokka (D:4)
  3 ball pythons
  4 bats
  5 frilled lizards
  A leopard gecko skeleton (D:5)
  12 rats
117 creatures vanquished.

Vanquished Creatures (others)
  A slave (D:5)
  A howler monkey (D:5)
2 creatures vanquished.

Grand Total: 119 creatures vanquished

Notes
Turn   | Place    | Note
-------+----------+-------------------------------------------
     0 | Abyss:1  | Esekla the Deep Dwarf Abyssal Knight began the quest for
                  | the Orb.
     0 | Abyss:1  | Reached XP level 1. HP: 20/20 MP: 2/2
    21 | Abyss:2  | Noticed a large abomination
    36 | Abyss:2  | Noticed a worldbinder
    40 | Abyss:2  | Noticed a wraith
    40 | Abyss:2  | Noticed a wraith
    40 | D:1      | Escaped the Abyss
   166 | D:1      | Reached * piety under Lugonu
   171 | D:1      | Reached XP level 2. HP: 28/28 MP: 3/3
   465 | D:1      | Reached XP level 3. HP: 29/34 MP: 4/4
   771 | D:2      | Found a blossoming altar of Fedhas.
   873 | D:2      | Reached ** piety under Lugonu
   877 | D:2      | You fall into a shaft and drop 1 floor!
   911 | D:3      | Reached XP level 4. HP: 21/44 MP: 5/5
  1137 | D:3      | Reached skill level 1 in Stealth
  1169 | D:3      | Noticed Natasha
  1241 | D:3      | Reached XP level 5. HP: 24/50 MP: 6/6
  1338 | D:3      | Found a glowing drain.
  1408 | Sewer    | Entered a sewer
  1543 | Sewer    | Reached skill level 1 in Short Blades
  1582 | Sewer    | Found a white marble altar of Elyvilon.
  1686 | D:3      | Reached XP level 6. HP: 16/58 MP: 7/7
  1829 | D:3      | Killed Natasha
  2027 | D:3      | Noticed Natasha
  2042 | D:3      | Killed Natasha
  2715 | D:4      | Noticed an ice beast
  2747 | D:4      | Killed an ice beast
  2801 | D:4      | Reached *** piety under Lugonu
  2877 | D:4      | Reached XP level 7. HP: 37/66 MP: 7/7
  2916 | D:4      | Reached skill level 5 in Fighting
  3062 | D:4      | Found a runed translucent door.
  3063 | D:4      | Noticed Crazy Yiuf
  3073 | D:4      | Cast into level 1 of the Abyss (Crazy Yiuf)
  3074 | Abyss:1  | Noticed a blizzard demon
  3090 | D:4      | Escaped the Abyss
  3098 | D:4      | Killed Crazy Yiuf
  3275 | D:5      | Entered Level 5 of the Dungeon
  3462 | D:5      | Noticed Prince Ribbit
  3552 | D:5      | Noticed Duvessa
  3552 | D:5      | Noticed Dowan
  3613 | D:5      | Killed Duvessa
  3708 | D:5      | Killed Dowan
  3814 | D:5      | Noticed Eustachio
  3829 | D:5      | Reached XP level 8. HP: 39/74 MP: 7/7
  3937 | D:5      | Killed Eustachio
  4014 | D:5      | Noticed Menkaure
  4091 | D:5      | Reached skill level 1 in Throwing
  4111 | D:5      | Reached skill level 5 in Stealth
  4129 | D:5      | Noticed Pikel
  4146 | D:5      | Gained mutation: Your mind is acute. (Int +2) [potion of
                  | mutation]
  4146 | D:5      | Gained mutation: You are partially covered in icy blue
                  | scales. (AC +2) [potion of mutation]
  4146 | D:5      | Gained mutation: Your flesh is cold resistant. (rC+)
                  | [potion of mutation]
  4146 | D:5      | Gained mutation: You are covered in fur. (AC +1) [potion of
                  | mutation]
  4157 | D:5      | Killed Pikel
  4211 | D:5      | Killed Menkaure
  4211 | D:5      | Reached skill level 5 in Dodging
  4228 | D:5      | Killed Prince Ribbit
  4469 | D:$      | Got out of the dungeon alive.

Levels and vault maps discovered:
D:1:      matt_arrival_los_fun, layout_basic, minmay_misc_feat_encased
D:2:      layout_loops_ring, kennysheep_decorative_pillar, fedhas_ov_isle_minmay
D:3:      layout_loops_ring, first_ration, cheibrodos_sewer_entry_drain,
          corexii_shack, uniq_natasha
D:4:      layout_gridville, uniq_crazy_yiuf_cottage
D:5:      layout_basic, hangedman_abyss_or_decor_stagger, uniq_menkaure,
          uniq_duvessa, uniq_prince_ribbit1, uniq_pikel, uniq_eustachio

Skill      XL: |  1  2  3  4  5  6  7  8 |
---------------+-------------------------+-----
Polearms       | 2 3 |  3.0
Fighting       | 3 4 5 6 |  6.1
Stealth        | 1 2 3 4 6 |  6.1
Short Blades   | 1 2 3 4 |  4.4
Dodging        | 2 4 5 |  5.2
Armour         | 3 4 |  4.1
Throwing       | 1 |  1.3
Invocations    | |  2.6

Action                   |  1- 3 |  4- 6 |  7- 9 || total
-------------------------+-------+-------+-------++-------
Melee: Spear             |   164 |    97 |       ||   261
       Short sword       |       |   285 |   240 ||   525
       Rapier            |       |       |    22 ||    22
Throw: Boomerang         |       |       |     7 ||     7
Invok: Depart the Abyss  |     1 |       |     1 ||     2
       Bend Space        |       |       |     1 ||     1
 Abil: Heal Wounds       |       |    11 |     6 ||    17
  Use: Scroll            |     3 |     4 |     3 ||    10
       Potion            |       |     3 |     8 ||    11
 Stab: Distracted        |     1 |     2 |       ||     3
       Sleeping          |     2 |     9 |     3 ||    14
  Eat: Chunk             |       |     7 |     3 ||    10
       Ration            |       |       |     1 ||     1
Armor: Leather armour    |    41 |   122 |    98 ||   261
       Skin              |       |       |    10 ||    10
Dodge: Dodged            |    69 |   247 |   181 ||   497
Block: Buckler           |       |       |     1 ||     1

Table legend:
 A = Non-vault XP
 B = Vault XP
 C = Vault XP percentage of total XP
 D = Non-vault monster count
 E = Vault monster count
 F = Vault count percentage of total count
                 A         B        C        D         E       F
            +---------+---------+-------+---------+---------+-------
      Total |    1097 |    1525 |  58.2 |      94 |      24 |  20.3
            +---------+---------+-------+---------+---------+-------
        D:1 |      46 |       0 |   0.0 |      27 |       0 |   0.0
        D:2 |      68 |       0 |   0.0 |      21 |       0 |   0.0
        D:3 |     214 |      46 |  17.7 |      23 |       5 |  17.9
        D:4 |     366 |      39 |   9.6 |      11 |       1 |   8.3
        D:5 |     403 |    1302 |  76.4 |      12 |       6 |  33.3
      Sewer |       0 |     138 | 100.0 |       0 |      12 | 100.0
            +---------+---------+-------+---------+---------+-------
